LetsOutscumLuxidream, neutral female scurrid Tourist }}}}}}}}}}}}}}}}}}} }} }}}}}}}}}}} }}}}}}}}}}}}}}}} }} }}}}}}(.} }}}}}}}}}}}}} .} }}}}.}}} }}..}}}}..#. }}}...# ..# # #..}}}}}... }}}}.....# }}}}......# #......}}}}.I#..}}.}}}.}}...}}}} #.}}}}.<...}}}}}}.# #..}}}}}}}}}}}} #.`}}}}}}}..}}}}}}}} }}}}...}}}}}}}}}}} }}}}# }}}}}}}}}}}}}}}}.# ..+....}}}}}}`.}}}}}}}}`.} }}}}}} }}}}}}}}}}}}}}.}}}. #...} #}}}}}}}}}}}.. }}}}}# # /..[}}}}}}}}}}}}}}...}} }..}}}}}}}}}}} # }}}}}.# # ...}}}}}}}}}}}}}.}}}}}} }}}}}}}....}}}}}} }}}}}}} # `}}}}=.# }}}}}}}}}} }}}}}}}}}}}}}. #..`} }..}}}}} # }....} }}}}} }}}}.}..}}}}}} #.... .#.}}}}.# }}}}}.. } }}} #.}...} # # }} ...}}.. }..# }..}} } }}}}}}# # }}}}} }} }}}}}}} }} }} }}}}}}}} }} }}}}}}}} LetsOutscumLuxidream the Rambler Experience level: 1 Strength: 11 Dexterity: 10 Constitution: 14 Intelligence: 14 Wisdom: 9 Charisma: 17 Health: 0(9) Energy: 2(2) Def: 0 Gold: 1085 Moves: 56 Dungeon seed: dKu1pqNtt6-LZ9ww Game ID: LetsOutscumLuxidream_1498231237 Your Inventory: Coins $ - 1085 gold pieces Weapons a - 51 uncursed +2 darts (in quiver) Armor e - an uncursed +0 Hawaiian shirt (being worn) Comestibles b - 3 uncursed tripe rations c - 4 uncursed food rations d - an uncursed tin of spinach f - an uncursed tin of jackal meat g - an uncursed egg Scrolls i - 3 uncursed scrolls of magic mapping j - a blessed scroll of magic mapping Potions h - 2 uncursed potions of extra healing Wands m - a blessed wand of secret door detection (0:11) Tools k - an uncursed expensive camera (0:69) l - an uncursed credit card Spells and supernatural/magical abilities: Name Level Category Fail Memory W - pray for help -- divine ? -- Your skills at the end: Miscellaneous Skills wands [Basic] Weapon Skills dart [Basic] Spellcasting Skills Final Attributes: You were devoutly aligned. You were blinded. You had infravision. You were very stealthy. You are dead. Vanquished creatures: a puppy Voluntary challenges: You went without food. You did not adorn yourself with jewelry or accessories. You did not cause conflict. You were not invisible. You did not have reflection. You were not displaced. You were an atheist. You never hit with a wielded weapon. You were a pacifist. You did not use tools. You did not use plumbed fixtures. You did not drink any magical draughts. You were illiterate. You never genocided any monsters. You never polymorphed an object. You never changed form. You used no wishes. You never split a pudding. You never wrote Elbereth's name. You never violated your personal moral code. Dungeon overview: The Dungeons of Doom: levels 1 to 25 Level 1 a long staircase Level 2 Level 3 Level 4 Level 5 Level 6 an altar to The Lady, a fountain Level 7 Level 8 Level 9 Level 10 a fountain Level 11 Level 12 Level 13 Level 14 Level 15 Level 16 Level 17 Level 18 a fountain Level 19 Level 20 Level 21 Level 22 Level 23 Level 24 Level 25 <- You were here many trees History has recorded: On T:1 you entered the Dungeons of Doom to retrieve the Amulet of Yendor! On T:7 you reached level 3 of The Dungeons of Doom. On T:9 you reached level 4 of The Dungeons of Doom. On T:11 you reached level 5 of The Dungeons of Doom. On T:13 you reached level 6 of The Dungeons of Doom. On T:16 you reached level 7 of The Dungeons of Doom. On T:18 you reached level 8 of The Dungeons of Doom. On T:20 you reached level 9 of The Dungeons of Doom. On T:22 you reached level 10 of The Dungeons of Doom. On T:25 you reached level 11 of The Dungeons of Doom. On T:27 you reached level 12 of The Dungeons of Doom. On T:29 you reached level 13 of The Dungeons of Doom. On T:31 you reached level 14 of The Dungeons of Doom. On T:34 you reached level 15 of The Dungeons of Doom. On T:36 you reached level 16 of The Dungeons of Doom. On T:38 you reached level 17 of The Dungeons of Doom. On T:38 you entered the Rogue tribute level. On T:40 you reached level 18 of The Dungeons of Doom. On T:43 you reached level 19 of The Dungeons of Doom. On T:45 you reached level 20 of The Dungeons of Doom. On T:47 you reached level 21 of The Dungeons of Doom. On T:49 you reached level 22 of The Dungeons of Doom. On T:52 you reached level 23 of The Dungeons of Doom. On T:54 you reached level 24 of The Dungeons of Doom. On T:56 you reached level 25 of The Dungeons of Doom. Score breakdown: Gold: 196 ( 19 points) Experience: 1 level ( 0 points) Exploration: 25 levels ( 720 points) Discoveries: 1 item ( 50 points) Variety of kills: 1 monster ( 50 points) Major goal: (nothing yet) ( 0 points) Survival: died (score multiplied by 3) Total score: 2517 Latest messages: You start digging downward. You continue digging downward. You dig a pit in the floor. You continue digging downward. You dig a hole through the floor. You fall through... You start digging downward. You continue digging downward. You dig a pit in the floor. You continue digging downward. You dig a hole through the floor. You fall through... You start digging downward. You continue digging downward. You dig a pit in the floor. You continue digging downward. You dig a hole through the floor. You fall through... The raven pecks! The raven blinds you! Something pecks! You die... Final status: Aloha LetsOutscumLuxidream the Tourist, killed by a raven... You died in The Dungeons of Doom on dungeon level 25 with 2517 points, and 1085 pieces of gold, after 56 moves. You were level 1 with a maximum of 9 hit points when you died.